 Dungeon Crawl Stone Soup version 0.17-a0-1069-g92ad481 (webtiles) character file.

40 Gorice the Magician (level 3, -2/21 HPs)
             Began as a Kobold Wanderer on May 17, 2015.
             Slain by a gnoll
             ... wielding a +0 whip
              (8 damage)
             ... on level 2 of the Dungeon.
             The game lasted 00:08:32 (1845 turns).

Gorice the Magician (Kobold Wanderer)               Turns: 1845, Time: 00:08:32

Health: -2/21      AC:  3    Str: 10    XL:     3   Next: 72%
Magic:  9/9        EV: 12    Int: 12    God:
Gold:   66         SH:  0    Dex: 14    Spells: 0 memorised, 12 levels left

rFire  . . .     SeeInvis .     a - +0 dagger
rCold  . . .     Clarity  .     h - +0 leather armour
rNeg   . . .     SustAb   .     (shield restricted)
rPois  .         Gourm    .     (no helmet)
rElec  .         Spirit   .     (no cloak)
rCorr  .         Warding  .     (no gloves)
rMut   .         Stasis   .     (no boots)
MR     .....                    (no amulet)
Stlth  +.........               (no ring)
                                (no ring)

@: not resistant to hostile enchantments, very unstealthy
A: carnivore 3
a: no special abilities


You were on level 2 of the Dungeon.
You were very full.

You visited 1 branch of the dungeon, and saw 2 of its levels.

You collected 66 gold pieces.

Inventory:

Hand weapons
 a - a +0 dagger (weapon)
 m - a +0 short sword
Missiles
 k - 28 arrows
 Z - 34 stones (quivered)
Armour
 d - a +0 robe
 h - a +0 leather armour (worn)
Magical devices
 c - a wand of random effects (39)
Scrolls
 g - 2 scrolls of remove curse
 i - 2 scrolls of identify
 p - a scroll of recharging
 s - a scroll of enchant weapon {unknown}
Potions
 j - a potion of lignification {!q}
 n - 2 potions of curing
 r - a potion of flight {unknown}
Books
 b - the Handbook of Scorching Attacks

   Spells                             Type                      Level
   a - Flame Tongue                   Conjuration/Fire             1
   b - Conjure Flame                  Conjuration/Fire             3
 e - a book of Minor Magic
 l - a book of Frost
Comestibles
 f - 2 meat rations {!e}
 o - 2 chunks of flesh
 q - a beef jerky


   Skills:
 + Level 2.1 Fighting
 * Level 2.9 Short Blades
   Level 1.0 Shields
 - Level 5.0 Spellcasting
   Level 1.0 Hexes
   Level 2.0 Necromancy
 - Level 1.2 Evocations


You had 12 spell levels left.
You didn't know any spells.

Dungeon Overview and Level Annotations

Branches:
Dungeon (2/15)

Altars:
Ru

Annotations:
D:2 exclusion: gnoll, Sigmund


Innate Abilities, Weirdness & Mutations

You are small and have problems with some larger weapons.
You are carnivorous and can eat meat at any time.


Message History

The kobold is heavily wounded.
The kobold hits you.
Damage: 1 (max 3)
You barely miss the kobold.
The kobold is heavily wounded.
The kobold hits you but does no damage.
You hit the kobold but do no damage.
The kobold is heavily wounded.
The kobold barely misses you.
You closely miss the kobold.
The kobold is heavily wounded.
You hit the kobold but do no damage.
The kobold is heavily wounded.
The kobold hits you but does no damage.
You hit the kobold.
The kobold is almost dead.
The kobold misses you.
You closely miss the kobold.
The kobold is almost dead.
The kobold closely misses you.
You closely miss the kobold.
The kobold is almost dead.
The kobold misses you.
You hit the kobold.
You kill the kobold!
You closely miss the gnoll. The gnoll hits you with a whip.
Damage: 5 (max 5)
You hit the gnoll.
The gnoll is lightly wounded.
The gnoll hits you with a whip.
Damage: 2 (max 5)
You barely miss the gnoll.
The gnoll is lightly wounded.
The gnoll completely misses you.
You hit the gnoll but do no damage.
The gnoll is lightly wounded.
You closely miss the gnoll.
The gnoll is lightly wounded.
The gnoll hits you with a whip.
* * * LOW HITPOINT WARNING * * *
Damage: 6 (max 6)
You hit the gnoll but do no damage.
The gnoll is lightly wounded.
The gnoll barely misses you.
You hit the gnoll but do no damage.
The gnoll is lightly wounded.
The gnoll barely misses you.
Unknown command.
The gnoll hits you with a whip!
You die...

# #.#...............######.#.#
#####.........#..#...## #.#.##
......%...K.###..##.## #.#...
........###.###..##.########.####
#####........K...............#
#.%.######.###.########### #...#
#..# #..# #####...#####..###..#
...............g@...#############
#####.#######.####.#....><)......
#.# #.# ##.#############
#.#######.## ### #..........#
#########.## ###


You could see a gnoll.

Vanquished Creatures
  2 oozes (D:1)
  2 giant cockroaches
  2 goblins
  4 hobgoblins (D:1)
  5 kobolds
  A ball python (D:2)
  5 bats
  A giant gecko (D:1)
  3 giant newts
  10 rats
35 creatures vanquished.

Notes
Turn   | Place    | Note
--------------------------------------------------------------
     0 | D:1      | Gorice the Kobold Wanderer began the quest for the Orb.
     0 | D:1      | Gorice set off with: a book of Minor Magic, the Handbook of Scorching Attacks, a wand of random effects (15), a +0 robe, a +0 dagger, a meat ration {!e}
     0 | D:1      | Reached XP level 1. HP: 10/10 MP: 6/6
     0 | D:1      | Identified the Handbook of Scorching Attacks
   134 | D:1      | HP: 3/11 [hobgoblin (4)]
   136 | D:1      | Reached skill level 1 in Short Blades
   397 | D:1      | Reached XP level 2. HP: 16/16 MP: 8/8
   457 | D:1      | Reached skill level 2 in Short Blades
   476 | D:1      | Reached skill level 1 in Fighting
   860 | D:1      | Reached XP level 3. HP: 18/20 MP: 9/9
  1050 | D:1      | HP: 3/21 [kobold/short sword (4)]
  1505 | D:2      | Reached skill level 2 in Fighting
  1572 | D:2      | Found a sacrificial altar of Ru.
  1572 | D:2      | Noticed Sigmund
  1826 | D:2      | HP: 4/21 [gnoll/whip (6)]
  1845 | D:2      | Slain by a gnoll

Vault maps used:
D:1:      dpeg_arrival_arbitrary_b
D:2:      old_standard_altar, first_bread, uniq_sigmund

Action                   || total
-------------------------++-------
Melee: Dagger            ||   173
       Whip              ||    15
  Use: Scroll            ||     6
  Eat: Chunk             ||    11

Table legend:
 A = Turns spent in this place as a percentage of turns spent in the entire game.
 B = Non-inter-level travel turns spent in this place as a percentage of non-inter-level travel turns spent in the entire game.
 C = Inter-level travel turns spent in this place as a percentage of turns spent in this place.
 D = Turns resting spent in this place as a percentage of non-inter-level travel turns spent in this place.
 E = Turns spent auto-exploring this place as a percentage of non-inter-level travel turns spent in this place.
 F = Non-inter-level travel turns spent in this place divided by the number of levels of this place that you've seen.
                   A       B       C       D       E      F
               +-------+-------+-------+-------+-------+----------------------
         Total | 100.0 | 100.0 |   0.2 |   1.5 |   6.8 | 301.0
       Dungeon | 100.0 | 100.0 |   0.2 |   1.5 |   6.8 | 301.0
               +-------+-------+-------+-------+-------+----------------------

Vault maps used:
D:1:      dpeg_arrival_arbitrary_b
D:2:      old_standard_altar, first_bread, uniq_sigmund
